 Dungeon Crawl Stone Soup version 0.30.0-13-g156ef70053 (webtiles) character file.

Game seed: 8448823817353901784

2175 DemonSlayer the Magician (level 9, -7/61 HPs)
             Began as a Demonspawn Earth Elementalist on May 17, 2023.
             Was a Follower of Dithmenos.
             Mangled by a death yak (23 damage)
             ... on level 8 of the Dungeon on May 18, 2023.
             The game lasted 00:16:59 (6551 turns).

DemonSlayer the Magician (DsEE)                     Turns: 6551, Time: 00:17:00

Health: -7/61      AC:  8    Str:  8    XL:     9   Next: 11%
Magic:  11/19      EV: 13    Int: 17    God:    Dithmenos [*.....]
Gold:   338        SH:  0    Dex: 18    Spells: 4/22 levels left

rFire   + . .        f - +5 quarterstaff (chaos)
rCold   . . .        (shield currently unavailable)
rNeg    . . .        t - +0 leather armour
rPois   .            (helmet restricted)
rElec   .            e - +0 cloak
rCorr   .            (no gloves)
SInv    .            (no boots)
Will    .....        (no amulet)
Stlth   +++          j - ring of protection from fire
HPRegen 0.30/turn    s - +4 ring of protection
MPRegen 0.16/turn

%: no passive effects
@: about to teleport, wreathed by umbra
A: horns 1, powered by death 2, sturdy frame 3, demonic magic 1
a: Renounce Religion


You were on level 8 of the Dungeon.
You worshipped Dithmenos.
Dithmenos was aware of your devotion.
You visited 1 branch of the dungeon, and saw 7 of its levels.

You collected 338 gold pieces.

Inventory:

Hand Weapons
 d - a +2 short sword of speed
 f - a +5 quarterstaff of chaos (weapon)
Missiles
 n - a throwing net
Armour
 e - a +0 cloak (worn)
 t - a +0 leather armour (worn)
Jewellery
 j - a ring of protection from fire (left hand)
 s - a +4 ring of protection (right hand)
 w - a +6 ring of dexterity
Wands
 u - a wand of roots (9)
Scrolls
 a - 3 scrolls of immolation
 q - 2 scrolls of teleportation
Potions
 b - 2 potions of magic
 c - 2 potions of brilliance
 g - 3 potions of curing
 i - a potion of might
 k - 3 potions of lignification
 l - 2 potions of heal wounds
 m - 2 potions of mutation
 o - a potion of flight
 p - a potion of haste
 r - a potion of invisibility {unknown}
 v - a potion of attraction {unknown}


   Skills:
 + Level 2.3 Fighting
 + Level 0.7 Short Blades
 + Level 2.0 Staves
 + Level 3.3 Dodging
 + Level 4.3 Stealth
 + Level 7.0 Spellcasting
 + Level 0.8 Transmutations
 + Level 7.0 Earth Magic


You had 4 spell levels left.
You knew the following spells:

 Your Spells              Type           Power      Damage    Failure   Level
a - Sandblast             Erth           58%        2d13      1%          1
b - Passwall              Tmut/Erth      15%        N/A       3%          2
c - Ensorcelled Hibernat  Hex/Ice        12%        N/A       17%         2
d - Stone Arrow           Conj/Erth      34%        3d9       9%          3
e - Petrify               Tmut/Erth      19%        N/A       22%         4
f - Mephitic Cloud        Conj/Pois/Air  6%         N/A       34%         3
g - Swiftness             Air            6%         N/A       34%         3

Your spell library contained the following spells:

 Spells                   Type           Power      Damage    Failure   Level
 Magic Dart               Conj           24%        1d4       12%         1
 Call Imp                 Summ           12%        N/A       17%         2
 Poisonous Vapours        Pois/Air       12%        N/A       17%         2
 Freezing Cloud           Conj/Ice/Air   3%         6-21      97%         5


Dungeon Overview and Level Annotations

Branches:
Dungeon (8/15)             Temple (0/1) D:6
   Lair: D:8-11

Altars:
Cheibriados
Dithmenos
Uskayaw
Yredelemnul

Shops:
D:1 [


Innate Abilities, Weirdness & Mutations

You have a pair of small horns on your head.
You regenerate health from kills.
Your movements are significantly less encumbered by armour. (ER -6)
Spells you cast may paralyse adjacent enemies.


Message History

Done waiting.
You open the door.
You close the door.
Okay, then.
You start waiting.
Done waiting.
You open the door.
The death yak bellows!
You hear a bellow!
There is an open door here.
As you read the scroll of fog, it crumbles to dust.
The scroll dissolves into smoke.
The roots erupt in riotous growth!
Roots grab the death yak.
The grasping roots constrict the death yak.
The death yak struggles to escape constriction.
The stone arrow hits the death yak.
The death yak is lightly wounded.
Malevolent energies surge around you.
The grasping roots constrict the death yak.
The death yak struggles to escape constriction.
The roots lose their grip on something.
The roots erupt in riotous growth!
Roots grab the death yak.
The grasping roots constrict the death yak.
The death yak struggles to escape constriction.
The grasping roots constrict the death yak.
The roots release their grip on the death yak.
There is an open door here.
The stone arrow hits the death yak!!
The death yak is moderately wounded.
Malevolent energies surge around you. The death yak gores you!
The stone arrow hits the death yak!
The death yak is heavily wounded.
Malevolent energies surge around you. The death yak gores you!
The death yak gores you!!
* * * LOW HITPOINT WARNING * * *
As you read the scroll of teleportation, it crumbles to dust.
You feel strangely unstable. The death yak barely misses you.
The death yak gores you!!
You die...

############# ####
#.#..#..#...###..#
#.##.##...###.....
#..#....###......#
##§§.÷###......#'#
#.§§###......###.#
#§###......###...#
#@#......###...###
#YY§...###...###.#
##§§....##))##...#
##...Y..##....###
##......##..##.#
##......##....#
##.....[##..##
##......##..#
##......##.#


You could see 2 death yaks.

Vanquished Creatures
  A steam dragon (D:8)
  A black bear (D:6)
  An ogre (D:6)
  2 centaurs
  A phantom (D:6)
  A kobold brigand (D:6)
  A gnoll sergeant (D:7)
  3 bullfrogs
  4 wights (D:6)
  2 scorpions
  Crazy Yiuf (D:3)
  3 orc priests
  A gnoll bouda (D:7)
  4 hounds (D:6)
  5 jellies
  2 sleepcaps
  Jessica (D:3)
  4 iguanas
  Natasha (thrice) (D:2)
  2 orc wizards
  Robin (D:3)
  10 gnolls (D:7)
  6 adders
  2 worms (D:3)
  A dart slug (D:3)
  21 orcs
  5 ball pythons
  7 endoplasms
  3 giant cockroaches (D:2)
  15 goblins
  2 hobgoblins
  4 jackals (D:1)
  6 quokkas
  5 bats
  2 frilled lizards
  10 kobolds
  8 rats
151 creatures vanquished.

Notes
Turn   | Place    | Note
-------+----------+-------------------------------------------
     0 | D:1      | DemonSlayer the Demonspawn Earth Elementalist began the
                  | quest for the Orb.
     0 | D:1      | Reached XP level 1. HP: 13/13 MP: 3/3
   143 | D:1      | Found Biyl Poeshro's Armour Shoppe.
   191 | D:1      | Gained mutation: Your movements are slightly less
                  | encumbered by armour. (ER -2) [demonic ancestry]
   191 | D:1      | Reached XP level 2. HP: 19/19 MP: 0/5
   305 | D:1      | Found a faded altar of an unknown god.
   773 | D:1      | Learned a level 2 spell: Passwall
   776 | D:1      | Learned a level 2 spell: Ensorcelled Hibernation
   795 | D:2      | Noticed Natasha
   800 | D:2      | Killed Natasha
   801 | D:2      | Gained mutation: Spells you cast may paralyse adjacent
                  | enemies. [demonic ancestry]
   801 | D:2      | Reached XP level 3. HP: 22/24 MP: 2/7
   866 | D:2      | Noticed Natasha
   870 | D:2      | Killed Natasha
   871 | D:2      | Gained mutation: You have a pair of small horns on your
                  | head. [demonic ancestry]
   871 | D:2      | Reached XP level 4. HP: 30/30 MP: 4/8
  1110 | D:2      | Noticed Natasha
  1114 | D:2      | Killed Natasha
  1634 | D:2      | Learned a level 3 spell: Stone Arrow
  1746 | D:3      | Gained mutation: You regenerate a little health from kills.
                  | [demonic ancestry]
  1746 | D:3      | Reached XP level 5. HP: 35/35 MP: 4/9
  1897 | D:3      | Identified the +0 helmet "Uskoik" {Will+ Str-3 Int+4}
  1897 | D:3      | Noticed Robin
  2040 | D:3      | Noticed Jessica
  2046 | D:3      | Killed Jessica
  2301 | D:3      | Killed Robin
  2995 | D:3      | Found a runed translucent door.
  2996 | D:3      | Noticed Crazy Yiuf
  3006 | D:3      | Killed Crazy Yiuf
  3007 | D:3      | Gained mutation: You regenerate health from kills. [demonic
                  | ancestry]
  3007 | D:3      | Reached XP level 6. HP: 21/42 MP: 8/12
  3070 | D:3      | You fall into a shaft and drop 2 floors!
  3070 | D:5      | Entered Level 5 of the Dungeon
  3147 | D:5      | Found a shadowy altar of Dithmenos.
  3175 | D:5      | Became a worshipper of Dithmenos the Shadowed
  3661 | D:5      | Found a basalt altar of Yredelemnul.
  3681 | D:5      | Found a snail-covered altar of Cheibriados.
  3684 | D:5      | Found a hide-covered altar of Uskayaw.
  3800 | D:5      | Gained mutation: Your movements are less encumbered by
                  | armour. (ER -4) [demonic ancestry]
  3800 | D:5      | Reached XP level 7. HP: 47/47 MP: 11/13
  4036 | D:6      | Reached skill level 1 in Staves
  4124 | D:6      | Reached skill level 1 in Fighting
  4188 | D:6      | Reached skill level 5 in Spellcasting
  4188 | D:6      | Reached skill level 5 in Earth Magic
  4341 | D:6      | Reached * piety under Dithmenos
  4453 | D:6      | Gained mutation: Your movements are significantly less
                  | encumbered by armour. (ER -6) [demonic ancestry]
  4453 | D:6      | Reached XP level 8. HP: 31/54 MP: 8/16
  4764 | D:6      | Found a staircase to the Ecumenical Temple.
  5026 | D:6      | Learned a level 4 spell: Petrify
  5030 | D:6      | Learned a level 3 spell: Mephitic Cloud
  5034 | D:6      | Learned a level 3 spell: Swiftness
  5957 | D:8      | Reached XP level 9. HP: 18/61 MP: 16/19
  6287 | D:8      | Noticed a death yak
  6287 | D:8      | Noticed a death yak
  6551 | D:8      | Mangled by a death yak

Illustrated notes

Levels and vault maps discovered:
D:1:      evilmike_arrival_plus, layout_rooms, serial_shops,
          nicolae_shop_peninsula, shapermc_ecumenical_altar_notcrosses,
          st_stairs_6
D:2:      layout_rooms, grunt_ministairs_11, uniq_natasha
D:3:      layout_rooms, uniq_robin, uniq_jessica, uniq_crazy_yiuf_cottage
D:5:      layout_rooms, minmay_overflow_temple_star_quad,
          mainiacjoe_overflow_cross_hatched, minivault_11, st_stairs_14,
          kennysheep_pointless_box
D:6:      layout_basic, minmay_temple_entry_gardened_gates, minmay_hedge_maze,
          grunt_tough_drop
D:7:      layout_basic, mainiacjoe_overflow_alcove_1, nicolae_grassy_gnolls
D:8:      minmay_razor_zed, layout_basic, dpeg_lair_monsters,
          corexii_corridor_pit

Skill      XL: |  1  2  3  4  5  6  7  8  9 |
---------------+----------------------------+-----
Dodging        | 2 3 |  3.3
Earth Magic    | 3 4 5 6 7 |  7.0
Spellcasting   | 3 4 5 6 7 |  7.0
Stealth        | 2 3 4 |  4.3
Staves         | 1 2 |  2.0
Fighting       | 1 2 |  2.3
Short Blades   | |  0.7
Transmutations | |  0.8

Action                     |  1- 3 |  4- 6 |  7- 9 || total
---------------------------+-------+-------+-------++-------
  Melee: Short sword       |    18 |    19 |       ||    37
         Headbutt          |       |    12 |     6 ||    18
         Quarterstaff      |       |    14 |    30 ||    44
   Cast: Sandblast         |    34 |   126 |   112 ||   272
         Stone Arrow       |       |       |     3 ||     3
  Evoke: Wand              |       |       |     2 ||     2
    Use: Scroll            |       |     8 |    10 ||    18
         Potion            |       |     2 |       ||     2
   Stab: Sleeping          |     1 |     2 |     2 ||     5
         Paralysed         |       |    17 |    13 ||    30
         Distracted        |       |     1 |       ||     1
 Armour: Robe              |     3 |    19 |    15 ||    37
         Leather armour    |       |       |     8 ||     8
  Dodge: Dodged            |    19 |    85 |   113 ||   217
